 Dungeon Crawl Stone Soup version 0.23.1 (webtiles) character file.

Game seed: 9109297192598239632

511 Borgoz the Skirmisher (level 7, -4/60 HPs)
             Began as a Ghoul Monk on Mar 18, 2019.
             Killed by divine providence
             ... invoked by an orc priest
              (13 damage)
             ... on level 3 of the Dungeon.
             The game lasted 00:06:53 (3793 turns).

Borgoz the Skirmisher (Ghoul Monk)                  Turns: 3793, Time: 00:06:54

Health: -4/60      AC:  5    Str: 15    XL:     7   Next: 19%
Magic:  6/6        EV: 12    Int:  6    God:
Gold:   184        SH:  0    Dex: 12    Spells: 6/6 levels left

rFire    . . .     SeeInvis .   b - +0 rapier
rCold    + . .     Gourm    .   (no shield)
rNeg     + + +     Faith    .   f - +0 ring mail
rPois    ∞         Spirit   .   (no helmet)
rElec    .         Reflect  .   (no cloak)
rCorr    .         Harm     .   (no gloves)
MR       .....                  (no boots)
Stlth    ++........             (no amulet)
HPRegen  0.00/turn              (no ring)
MPRegen  0.10/turn              (no ring)

@: rotting
A: rotting body, claws 1, carnivore, cold resistance 1, negative energy
resistance 3, inhibited regeneration, torment resistance, unbreathing
a: no special abilities


You were on level 3 of the Dungeon.
You were not hungry.

You visited 1 branch of the dungeon, and saw 5 of its levels.

You collected 184 gold pieces.

Inventory:

Hand Weapons
 b - a +0 rapier (weapon)
Armour
 f - a +0 ring mail (worn)
Jewellery
 g - a +3 ring of dexterity {unknown}
Wands
 a - a wand of flame (21)
Scrolls
 d - 4 scrolls of identify {unknown}
 e - a scroll of amnesia {unknown}
 h - a scroll of remove curse {unknown}
 i - a scroll of magic mapping {unknown}
 k - 2 scrolls of teleportation {unknown}
Comestibles
 c - 7 rations


   Skills:
 + Level 4.4 Fighting
 * Level 4.2 Short Blades
 * Level 3.0 Armour
 * Level 4.2 Dodging
 + Level 3.7 Stealth


You had 6 spell levels left.
You didn't know any spells.
Your spell library was empty.

Dungeon Overview and Level Annotations

Branches:
Dungeon (5/15)
 Temple: D:4-7

Altars:
Dithmenos
Kikubaaqudgha


Innate Abilities, Weirdness & Mutations

Your body is rotting away.
You thrive on raw meat.
You are immune to poison.
You have sharp fingernails.
You are carnivorous and can eat meat at any time.
Your flesh is cold resistant. (rC+)
You are immune to negative energy. (rN+++)
You do not regenerate when monsters are visible.
You are immune to unholy pain and torment.
You can survive without breathing.


Message History

* * * LOW HITPOINT WARNING * * *
You hit the orc.
The orc is heavily wounded.
The orc completely misses you.
You hit the orc.
The orc is heavily wounded.
The orc closely misses you.
You hit the orc.
You kill the orc!
You puncture the orc!
You kill the orc!
You completely miss the orc. The orc closely misses you.
You hit the orc but do no damage. You puncture the orc!
You kill the orc!
You hit the orc priest but do no damage.
The orc priest is almost dead.
The orc priest calls down the wrath of Beogh upon you.
Beogh smites you!
You die...

#...........##....
#........##.##.##.
#..>..).........).
####........##.......
########.((........###......
#.....##....................
#.....##.......##.####......
#.......#.#o#####.# #######
#.....#.#.#@#.....#
#####.#.#.#...(...#
#.#...(...###.###
#.###.#.#.# #...###### #.#
#.#.#.# #.###....# #.#
#.#...# #..##.##.#
###.###.##### #........#
#.......# #.<.....##
#.##.#### ##.###.##


You could see an orc priest.

Vanquished Creatures
  An ice beast (D:5)
  An ogre (D:4)
  A crimson imp (D:5)
  A bullfrog zombie (D:5)
  A hound (D:5)
  An orc wizard (D:3)
  An iguana (D:2)
  4 gnolls
  3 adders (D:3)
  2 worms
  2 dart slugs (D:2)
  2 leopard geckos
  8 orcs
  6 bats
  5 giant cockroaches
  12 goblins
  8 hobgoblins
  19 jackals
  A quokka (D:3)
  A ball python (D:2)
  5 frilled lizards
  4 kobolds
  A leopard gecko zombie (D:5)
  A quokka skeleton (D:4)
  7 rats
98 creatures vanquished.

Notes
Turn   | Place    | Note
-------+----------+-------------------------------------------
     0 | D:1      | Borgoz the Ghoul Monk began the quest for the Orb.
     0 | D:1      | Reached XP level 1. HP: 19/19 MP: 0/0
    83 | D:1      | Reached XP level 2. HP: 26/26 MP: 1/1
   841 | D:2      | Reached XP level 3. HP: 31/31 MP: 2/2
   850 | D:2      | Reached skill level 1 in Armour
  1117 | D:2      | Reached XP level 4. HP: 9/40 MP: 3/3
  1388 | D:2      | Found a shadowy altar of Dithmenos.
  1627 | D:2      | Found an ancient bone altar of Kikubaaqudgha.
  2072 | D:3      | Reached XP level 5. HP: 19/46 MP: 4/4
  2740 | D:3      | You fall through a shaft for 2 floors!
  2740 | D:5      | Entered Level 5 of the Dungeon
  2760 | D:5      | Reached XP level 6. HP: 29/52 MP: 5/5
  2981 | D:5      | Noticed an ice beast
  3040 | D:5      | Killed an ice beast
  3523 | D:4      | Reached XP level 7. HP: 33/60 MP: 6/6
  3793 | D:3      | Killed from afar by an orc priest

Skill      XL: |  1  2  3  4  5  6 |
---------------+-------------------+-----
Short Blades   | 3 4 |  4.2
Armour         | 1 2 3 |  3.0
Dodging        | 3 4 |  4.2
Stealth        | 3 |  3.7
Fighting       | 4 |  4.4

Action                   |  1- 3 |  4- 6 |  7- 9 || total
-------------------------+-------+-------+-------++-------
Melee: Short sword       |   169 |   362 |       ||   531
       Rapier            |       |     9 |    16 ||    25
  Use: Potion            |     3 |     3 |     1 ||     7
 Stab: Sleeping          |     1 |     2 |     1 ||     4
  Eat: Chunk             |    20 |    36 |       ||    56
Armor: Robe              |    13 |       |       ||    13
       Ring mail         |    24 |    98 |     4 ||   126
Dodge: Dodged            |   115 |   204 |    15 ||   334
